 Dungeon Crawl Stone Soup version 0.28.0 (webtiles) character file.

Game seed: 1069952044650443781

4 BeingJoeMalik the Sneak (level 1, -4/14 HPs)
             Began as a Tengu Delver on Feb 16, 2022.
             Slain by a water moccasin skeleton (5 damage)
             ... on level 5 of the Dungeon.
             The game lasted 00:01:18 (140 turns).

BeingJoeMalik the Sneak (Tengu Delver)               Turns: 140, Time: 00:01:19

Health: -4/14      AC:  3    Str: 12    XL:     1   Next: 60%
Magic:  2/2        EV: 12    Int: 10    God:
Gold:   0          SH:  0    Dex: 15    Spells: 0/0 levels left

rFire   . . .      SeeInvis .   a - +0 spear
rCold   . . .      Faith    .   (no shield)
rNeg    . . .      Spirit   .   b - +0 leather armour
rPois   .          Reflect  .   (helmet restricted)
rElec   .          Harm     .   (no cloak)
rCorr   .          Rampage  .   (no gloves)
Will    .....                   (boots unavailable)
Stlth   +++.......              (no amulet)
HPRegen 0.04/turn               (no ring)
MPRegen 0.08/turn               (no ring)

@: no status effects
A: beak, talons 3
a: no special abilities


You were on level 5 of the Dungeon.
You visited 1 branch of the dungeon, and saw 1 of its levels.

Inventory:

Hand Weapons
 a - a +0 spear (weapon)
Armour
 b - a +0 leather armour (worn)
Jewellery
 h - a ring of ice
Wands
 g - a wand of digging (3)
Scrolls
 c - a scroll of fog
 d - a scroll of magic mapping
 e - a scroll of fear
Potions
 f - a potion of haste


   Skills:
 - Level 3.0 Fighting
 + Level 2.6 Polearms
 - Level 2.1 Dodging
 - Level 5.0 Stealth


You couldn't memorise any spells.
You didn't know any spells.
Your spell library was empty.

Dungeon Overview and Level Annotations

Branches:
Dungeon (5/15)
 Temple: D:4-7

Altars:
Fedhas


Innate Abilities, Weirdness & Mutations

You have a beak for a mouth.
You have claws for feet.


Message History

Okay, then.
Unknown command.
A water moccasin skeleton comes into view.
A water moccasin skeleton is nearby!
You reach to attack!
You hit the water moccasin skeleton.
The water moccasin skeleton is lightly damaged.
You hit the water moccasin skeleton. You peck the water moccasin skeleton.
The water moccasin skeleton is heavily damaged.
The water moccasin skeleton completely misses you.
You hit the water moccasin skeleton.
Your kick misses the water moccasin skeleton.
The water moccasin skeleton is heavily damaged.
The water moccasin skeleton bites you.
You hit the water moccasin skeleton.
The water moccasin skeleton is severely damaged.
The water moccasin skeleton bites you.
* * * LOW HITPOINT WARNING * * *
The water moccasin skeleton barely misses you.
You barely miss the water moccasin skeleton.
Your kick misses the water moccasin skeleton.
The water moccasin skeleton is severely damaged.
The water moccasin skeleton bites you.
* * * LOW HITPOINT WARNING * * *
Okay, then.
Unknown command.
Unknown command.
You barely miss the water moccasin skeleton.
You claw the water moccasin skeleton.
The water moccasin skeleton is severely damaged.
The water moccasin skeleton bites you but does no damage.
You barely miss the water moccasin skeleton.
Your kick misses the water moccasin skeleton.
The water moccasin skeleton is severely damaged.
The water moccasin skeleton closely misses you.
You hit the water moccasin skeleton.
Your kick misses the water moccasin skeleton.
Your peck misses the water moccasin skeleton.
The water moccasin skeleton is almost destroyed.
The water moccasin skeleton bites you.
You die...

.# ## #..#..#
#.# #.# .# .
.#.#..####.#
#.# .# #.
###.........
... .# #.#
##.....#.# ###
.#
#..###..#.#.#
.#
#.#.#.#.#.#.#
.# #.........#
# (#
####.##.......
.# #@##.###.##
># #Z##.# # .#
#.####.##.# ..
#.........#
###
#.#######Z##
#.....#
#.##..# #
.Z... #.....#


You could see a water moccasin skeleton.

Vanquished Creatures
  An adder zombie (D:5)
1 creature vanquished.

Notes
Turn   | Place    | Note
-------+----------+-------------------------------------------
     0 | D:5      | BeingJoeMalik the Tengu Delver began the quest for the Orb.
     0 | D:5      | Reached XP level 1. HP: 14/14 MP: 2/2
    41 | D:5      | Found a blossoming altar of Fedhas.
    91 | D:5      | Noticed an iguana
   140 | D:5      | Slain by a water moccasin skeleton

Illustrated notes

Levels and vault maps discovered:
D:5:      layout_loops_ring, mainiacjoe_overflow_alcove_1

Action                   || total
-------------------------++-------
Melee: Spear             ||    12
       Kick              ||     3
       Peck              ||     1
Armor: Leather armour    ||     1
Dodge: Dodged            ||     4
